 Dungeon Crawl Stone Soup version 0.30-a0-170-g85af917532 (webtiles) character file.

Game seed: 13400000251011717573

14925 scionoferis the Slicer (level 12, -5/72 HPs)
             Began as a Kobold Hunter on Sept 30, 2022.
             Was a Follower of Uskayaw.
             Slain by a red ugly thing (19 damage)
             ... on level 11 of the Dungeon.
             The game lasted 00:48:54 (14910 turns).

scionoferis the Slicer (Kobold Hunter)             Turns: 14910, Time: 00:48:55

Health: -5/72      AC: 16    Str: 11    XL:     12   Next: 51%
Magic:  15/18      EV: 19    Int: 13    God:    Uskayaw [*.....]
Gold:   496        SH:  5    Dex: 21    Spells: 7/11 levels left

rFire   . . .      SeeInvis .    a - +6 shortbow (freeze)
rCold   . . .      Faith    .    (shield currently unavailable)
rNeg    + . .      Spirit   .    e - +0 acid dragon scales
rPois   .          Reflect  +    (helmet restricted)
rElec   .          Harm     .    u - scarf {repulsion}
rCorr   +          Rampage  .    (no gloves)
Will    +....                    I - +3 pair of boots of Gluttony {rN+ rCorr Int+3 Stlth+}
Stlth   +++++.....               v - amulet of reflection
HPRegen 0.22/turn                p - ring of willpower
MPRegen 0.16/turn                E - +4 ring of protection

@: repel missiles
A: small, no large weapons, nightstalker 3, antennae 1, talons 1
a: Renounce Religion, Stomp


You were on level 11 of the Dungeon.
You worshipped Uskayaw.
Uskayaw was aware of your devotion.
You visited 2 branches of the dungeon, and saw 13 of its levels.
You also visited: Bailey.

You collected 948 gold pieces.
You spent 452 gold pieces at shops.

Inventory:

Hand Weapons
 a - a +6 shortbow of freezing (weapon)
 b - a +2 dagger of protection
 B - the +9 double sword "Onwes" {vorpal, *Corrode rN++ Str+5}
   (You found it on level 9 of the Dungeon)

   It inflicts extra damage upon your enemies.
   Str:       It affects your strength (+5).
   rN:        It greatly protects you from negative energy.
   *Corrode:  It may corrode you when you take damage.
 C - a +1 dagger of holy wrath
 F - a +3 dagger
 N - a +3 scimitar of flaming
Missiles
 r - 45 poisoned darts
 H - 7 curare-tipped darts
Armour
 e - +0 acid dragon scales (worn)
 t - the +1 robe of Mirth {*Corrode rN++ Dex+4}
   (You bought it in a shop on level 9 of the Dungeon)

   Dex:       It affects your dexterity (+4).
   rN:        It greatly protects you from negative energy.
   *Corrode:  It may corrode you when you take damage.
 u - a scarf of repulsion (worn)
 I - the +3 pair of boots of Gluttony (worn) {rN+ rCorr Int+3 Stlth+}
   (You found it in a bailey)

   Int:       It affects your intelligence (+3).
   rN:        It protects you from negative energy.
   rCorr:     It protects you from acid and corrosion.
   Stlth:     It makes you more stealthy.
Jewellery
 p - a ring of willpower (left hand)
 v - an amulet of reflection (around neck)
 x - a ring of protection from fire
 z - a ring of willpower
 A - a ring of flight
 E - a +4 ring of protection (right hand)
 T - a ring of wizardry
 U - a ring of ice
Wands
 q - a wand of charming (3)
 D - a wand of polymorph (12)
 K - a wand of digging (14)
 Q - a wand of roots (4)
Scrolls
 c - a scroll of enchant weapon
 g - 9 scrolls of teleportation
 h - 2 scrolls of fear
 o - a scroll of butterflies
 w - 2 scrolls of brand weapon {unknown}
 y - a scroll of summoning
 G - a scroll of blinking {unknown}
 J - a scroll of torment {unknown}
 O - 3 scrolls of vulnerability {unknown}
 P - a scroll of silence {unknown}
Potions
 d - 4 potions of lignification {unknown}
 j - 2 potions of brilliance {unknown}
 k - 4 potions of curing
 l - 2 potions of might
 m - 2 potions of degeneration {unknown}
 n - 4 potions of attraction {unknown}
 s - 4 potions of heal wounds
 L - 3 potions of haste {unknown}
 M - a potion of cancellation {unknown}
 R - a potion of mutation
Miscellaneous
 f - a box of beasts
 i - a tin of tremorstones (inert)
 S - a condenser vane


   Skills:
 + Level 7.5 Fighting
 - Level 10.7(10.9) Short Blades
 + Level 1.8(4.7) Long Blades
 + Level 10.1 Ranged Weapons
 * Level 7.6 Armour
 + Level 8.1 Dodging
 + Level 6.2 Stealth
 + Level 0.0 Translocations
 + Level 2.1 Transmutations
 + Level 2.2 Earth Magic
 * Level 8.5 Invocations
 + Level 2.4 Evocations


You had 7 spell levels left.
You knew the following spells:

 Your Spells              Type           Power      Damage    Failure   Level
a - Passwall              Tmut/Erth      4%         N/A       28%         2
b - Blink                 Tloc           0%         N/A       56%         2

Your spell library contained the following spells:

 Spells                   Type           Power      Damage    Failure   Level
 Beastly Appendage        Tmut           10%        N/A       19%         1
 Sandblast                Erth           10%        2d5       19%         1
 Wereblood                Tmut           5%         N/A       28%         2
 Freeze                   Ice            0%         1d3       41%         1
 Ensorcelled Hibernation  Hex/Ice        0%         N/A       56%         2
 Spider Form              Tmut/Pois      2%         N/A       65%         3
 Stone Arrow              Conj/Erth      4%         3d7       65%         3
 Call Canine Familiar     Summ           0%         N/A       80%         3
 Dazzling Flash           Conj/Hex       0%         N/A       80%         3
 Frozen Ramparts          Ice            0%         1d1       80%         3
 Gell's Gravitas          Tloc           0%         N/A       80%         3
 Hailstorm                Conj/Ice       0%         3d3       80%         3
 Lesser Beckoning         Tloc           0%         N/A       80%         3
 Portal Projectile        Hex/Tloc       0%         N/A       80%         3
 Teleport Other           Tloc           0%         N/A       80%         3
 Petrify                  Tmut/Erth      5%         N/A       88%         4
 Leda's Liquefaction      Hex/Erth       1%         N/A       96%         4
 Anguish                  Hex/Necr       0%         N/A       99%         4
 Manifold Assault         Tloc           0%         N/A       99%         4
 Lee's Rapid Deconstruct  Erth           2%         3d6*      99%         5
 Agony                    Necr           0%         N/A       100%        5
 Fireball                 Conj/Fire      0%         3d3       100%        5
 Iskenderun's Battlesphe  Conj           0%         2d6       100%        5
 Metabolic Englaciation   Hex/Ice        0%         N/A       100%        5
 Silence                  Hex/Air        0%         N/A       100%        5
 Yara's Violent Unravell  Hex/Tmut       1%         3d3       100%        5
 Conjure Ball Lightning   Conj/Air       0%         3x3d6     100%        6
 Dispersal                Tloc           0%         N/A       100%        6
 Statue Form              Tmut/Erth      3%         N/A       100%        6
 Enfeeble                 Hex            0%         N/A       100%        7
 Orb of Destruction       Conj           0%         9d5       100%        7
 Storm Form               Tmut/Air       1%         N/A       100%        7


Dungeon Overview and Level Annotations

Branches:
Dungeon (12/15)            Temple (1/1) D:4            Lair (0/5) D:9
    Orc (0/2) D:10         Bailey (visited)

Altars:
Ashenzari
Cheibriados
Dithmenos
Elyvilon
Fedhas
Gozag
Hepliaklqana
Kikubaaqudgha
Makhleb
Nemelex Xobeh
Okawaru
Qazlal
Ru
Sif Muna
Trog
Uskayaw
Vehumet
Wu Jian
Xom
Yredelemnul
Zin
The Shining One

Shops:
D:5 *   D:9 [   D:10 =


Innate Abilities, Weirdness & Mutations

You are small and have problems with some larger weapons.
You are completely attuned to the shadows.
You have a pair of small antennae on your head.
You have sharp toenails.


Message History

You shoot an arrow. The arrow hits the red ugly thing!
The arrow freezes the red ugly thing.
The red ugly thing is moderately wounded.
The red ugly thing stings you but does no damage.
Fire: a) +6 shortbow (freeze)
Press: ? - help, Q - select action, (/) - cycle Shift-Dir - straight line, f/p - red ugly thing
Aim: a red ugly thing (moderately wounded, 74% to hit)
You shoot an arrow.
The arrow hits the red ugly thing but does no damage.
The red ugly thing is moderately wounded.
The red ugly thing completely misses you.
You stomp with the beat, sending a shockwave through the revellers around you!
The red ugly thing is heavily wounded.
You can no longer stomp with the beat.
You block the red ugly thing's attack.
Fire: a) +6 shortbow (freeze)
Press: ? - help, Q - select action, (/) - cycle Shift-Dir - straight line, f/p - red ugly thing
Aim: a red ugly thing (heavily wounded, 74% to hit)
You shoot an arrow. The arrow hits the red ugly thing.
The arrow freezes the red ugly thing.
The red ugly thing is heavily wounded.
The red ugly thing completely misses you.
You can now stomp with the beat.
Fire: a) +6 shortbow (freeze)
Press: ? - help, Q - select action, (/) - cycle Shift-Dir - straight line, f/p - red ugly thing
Aim: a red ugly thing (heavily wounded, 74% to hit)
You shoot an arrow. The arrow hits the red ugly thing.
The arrow freezes the red ugly thing.
The red ugly thing is severely wounded.
The red ugly thing stings you.
You are engulfed in flames!
* * * LOW HITPOINT WARNING * * *
Fire: a) +6 shortbow (freeze)
Press: ? - help, Q - select action, (/) - cycle Shift-Dir - straight line, f/p - red ugly thing
Aim: a red ugly thing (severely wounded, 74% to hit)
You shoot an arrow.
The arrow barely misses the red ugly thing.
The red ugly thing stings you.
* * * LOW HITPOINT WARNING * * *
You are engulfed in flames!!
You die...

#......# #.....#
#.####
####.#######.....#
#.######
#......##..[..#
#......#
######.##.....#
#.####.#
####.########
#...##.# #......#
#.#.##.#
#.##.#.######
#.#.##.#
#.##.#.##...#
#).....#
#.##...@u>#.#
###.####
#.####.####.######.#
#.####.# #........#
#......# ##########
########


You could see a red ugly thing.

Vanquished Creatures
  Gastronok (D:8)
  Fannar (D:11)
  A boulder beetle (D:11)
  2 two-headed ogres (D:11)
  Erica (D:10)
  A centaur warrior (D:9)
  A cyclops (D:11)
  A manticore (D:9)
  2 ugly things (D:9)
  A gargoyle (Bailey)
  2 trolls
  3 meliai (D:11)
  2 humans (D:9)
  A vampire (Bailey)
  6 vampire mosquitoes (D:11)
  An acid dragon (D:9)
  A water moccasin (D:4)
  10 orc warriors
  2 sky beasts
  An ice beast (D:7)
  3 black bears
  4 ogres
  3 centaurs
  3 phantoms
  7 kobold brigands
  5 bullfrogs
  3 scorpions
  2 gnoll sergeants
  4 wights (D:8)
  23 killer bees
  9 vampire bats (Bailey)
  5 wolf zombies (Bailey)
  A crimson imp (D:8)
  2 howler monkeys (D:11)
  5 orc priests
  2 hounds
  An iron imp (D:8)
  2 jellies
  2 iguanas
  7 orc wizards
  12 gnolls
  5 adders
  2 shadow imps
  2 white imps
  An ufetubus (D:7)
  2 dart slugs (D:3)
  A worm (D:3)
  56 orcs
  9 bats
  6 endoplasms
  4 giant cockroaches
  12 goblins
  8 hobgoblins
  A quokka (D:4)
  4 ball pythons
  14 frilled lizards
  A goblin skeleton (D:8)
  A goblin zombie (D:8)
  2 hobgoblin zombies (D:8)
  53 kobolds
  2 kobold zombies (D:8)
  21 orc zombies
  5 rats
358 creatures vanquished.

Vanquished Creatures (others)
  16 fungi
  68 plants
  5 toadstools (D:11)
89 creatures vanquished.

Grand Total: 447 creatures vanquished

Notes
Turn   | Place    | Note
-------+----------+-------------------------------------------
     0 | D:1      | scionoferis the Kobold Hunter began the quest for the Orb.
     0 | D:1      | Reached XP level 1. HP: 12/12 MP: 1/1
   100 | D:1      | Found a faded altar of an unknown god.
   405 | D:1      | Reached XP level 2. HP: 17/17 MP: 2/2
   798 | D:1      | Reached skill level 1 in Armour
   805 | D:1      | Reached XP level 3. HP: 22/22 MP: 3/3
  1407 | D:2      | Reached skill level 1 in Short Blades
  1715 | D:2      | Reached XP level 4. HP: 25/27 MP: 4/4
  2028 | D:3      | Identified a scroll of acquirement
  2030 | D:3      | Acquired a +6 shortbow of freezing
  2515 | D:3      | Reached XP level 5. HP: 19/32 MP: 5/5
  2515 | D:3      | Noticed a phantom
  2650 | D:3      | Killed a phantom
  2651 | D:3      | Reached XP level 6. HP: 32/37 MP: 6/6
  3222 | D:4      | Found a shimmering blue altar of Sif Muna.
  3275 | D:4      | Found a staircase to the Ecumenical Temple.
  3286 | Temple   | Entered the Ecumenical Temple
  3565 | Temple   | Became a worshipper of Uskayaw the Reveller
  3592 | D:4      | Noticed a water moccasin
  3593 | D:4      | Reached * piety under Uskayaw
  3595 | D:4      | Killed a water moccasin
  3595 | D:4      | Reached ** piety under Uskayaw
  3596 | D:4      | Reached XP level 7. HP: 41/41 MP: 7/7
  3846 | D:4      | Reached *** piety under Uskayaw
  3849 | D:4      | Reached **** piety under Uskayaw
  4101 | D:4      | Gained mutation: You are frail. (-10% HP) [potion of
                  | mutation]
  4101 | D:4      | Gained mutation: You have hidden genetic potential. [potion
                  | of mutation]
  4102 | D:4      | Lost mutation: You have hidden genetic potential. [potion
                  | of mutation]
  4102 | D:4      | Lost mutation: You are frail. (-10% HP) [potion of
                  | mutation]
  4102 | D:4      | Gained mutation: Your body sometimes deteriorates upon
                  | taking damage. [potion of mutation]
  4102 | D:4      | Gained mutation: You occasionally shout uncontrollably at
                  | your foes. [potion of mutation]
  4102 | D:4      | Gained mutation: You sometimes lose your temper in combat.
                  | [potion of mutation]
  4102 | D:4      | Gained mutation: You have sharp toenails. [potion of
                  | mutation]
  4103 | D:4      | Lost mutation: You sometimes lose your temper in combat.
                  | [potion of mutation]
  4103 | D:4      | Lost mutation: Your body sometimes deteriorates upon taking
                  | damage. [potion of mutation]
  4103 | D:4      | Lost mutation: You occasionally shout uncontrollably at
                  | your foes. [potion of mutation]
  4103 | D:4      | Gained mutation: You have a pair of small antennae on your
                  | head. [potion of mutation]
  4141 | D:5      | Entered Level 5 of the Dungeon
  4615 | D:5      | Found Zin's Purification Station.
  4617 | D:5      | Found a glowing silver altar of Zin.
  5282 | D:6      | Reached skill level 5 in Short Blades
  5282 | D:6      | Reached XP level 8. HP: 36/48 MP: 8/8
  6108 | D:6      | Reached skill level 5 in Stealth
  6416 | D:6      | Reached skill level 1 in Invocations
  6661 | D:7      | Found a radiant altar of Vehumet.
  6677 | D:7      | Reached XP level 9. HP: 33/52 MP: 10/10
  6694 | D:7      | Reached ***** piety under Uskayaw
  6719 | D:7      | Reached skill level 5 in Dodging
  6986 | D:7      | Found a snail-covered altar of Cheibriados.
  7254 | D:7      | Reached skill level 5 in Fighting
  7742 | D:7      | Found a bloodstained altar of Trog.
  8059 | D:7      | Found a burning altar of Makhleb.
  8275 | D:8      | Reached skill level 5 in Armour
  8362 | D:8      | Reached XP level 10. HP: 42/59 MP: 3/13
  8366 | D:8      | Noticed Gastronok
  8408 | D:8      | Found a flagged portal.
  8413 | Bailey   | Entered a bailey
  8953 | Bailey   | Identified the +3 pair of boots of Gluttony {rN+ rCorr
                  | Int+3 Stlth+}
  8975 | Bailey   | Noticed a gargoyle
  8981 | Bailey   | Killed a gargoyle
  8982 | Bailey   | Reached skill level 5 in Invocations
  9130 | Bailey   | Found the +3 Mad Mage's Maulers {Infuse+∞ RegenMP Int-3}
  9915 | D:8      | Killed Gastronok
 10108 | D:8      | Found a glowing golden altar of the Shining One.
 10439 | D:9      | Reached XP level 11. HP: 59/64 MP: 15/15
 10477 | D:9      | Found a staircase to the Lair.
 10686 | D:9      | Found a hazy altar of Hepliaklqana.
 10752 | D:9      | Reached skill level 10 in Short Blades
 11005 | D:9      | Found an iron altar of Okawaru.
 11237 | D:9      | Found a shadowy altar of Dithmenos.
 11302 | D:9      | Found Dyiskun's Antique Armour Emporium.
 11308 | D:9      | Bought a slimy robe for 188 gold pieces
 11308 | D:9      | Identified the +1 robe of Mirth {*Corrode rN++ Dex+4} (You
                  | bought it in a shop on level 9 of the Dungeon)
 11308 | D:9      | Bought an embroidered scarf for 264 gold pieces
 11331 | D:9      | Noticed a centaur warrior
 11332 | D:9      | Noticed a purple ugly thing
 11355 | D:9      | Noticed a purple ugly thing
 11359 | D:9      | Killed a centaur warrior
 11361 | D:9      | Killed a purple ugly thing
 11372 | D:9      | Killed a green ugly thing
 11531 | D:9      | Noticed a manticore
 11553 | D:9      | Killed a manticore
 11775 | D:9      | Identified the +9 double sword "Onwes" {vorpal, *Corrode
                  | rN++ Str+5}
 11887 | D:10     | Entered Level 10 of the Dungeon
 11925 | D:10     | Found a stormy altar of Qazlal.
 11940 | D:10     | Noticed Erica
 11958 | D:10     | Learned a level 2 spell: Passwall
 11962 | D:10     | Killed Erica
 12135 | D:10     | Found a staircase to the Orcish Mines.
 12991 | D:10     | Found Boiwomaa's Jewellery Shop.
 13227 | D:11     | Noticed a boulder beetle
 13241 | D:11     | Killed a boulder beetle
 13282 | D:11     | Reached skill level 1 in Long Blades
 13290 | D:11     | Reached skill level 1 in Transmutations
 13290 | D:11     | Reached skill level 1 in Earth Magic
 13290 | D:11     | Reached skill level 1 in Evocations
 13312 | D:11     | Reached XP level 12. HP: 45/72 MP: 8/17
 13542 | D:11     | Learned a level 2 spell: Blink
 13630 | D:11     | Noticed a two-headed ogre
 13775 | D:11     | Killed a two-headed ogre
 14497 | D:11     | Noticed Fannar
 14538 | D:11     | Noticed a two-headed ogre
 14542 | D:11     | Killed a two-headed ogre
 14543 | D:11     | Reached skill level 10 in Ranged Weapons
 14591 | D:11     | Killed Fannar
 14910 | D:11     | Slain by a red ugly thing

Illustrated notes

Levels and vault maps discovered:
D:1:      elethiomel_arrival_maze, layout_loops_corners, basic_ecumenical_altar,
          nicolae_eternal_life, minmay_lizard_pond
D:2:      layout_rooms, nicolae_concentric_dashed_squares_mild, corexii_shack
D:3:      minmay_wonky_spiral, layout_rooms, st_stairs_9
D:4:      layout_basic, old_standard_altar, minmay_temple_entry_proselytizer
D:5:      layout_basic, zin_purify
D:6:      kennysheep_kobold_camp, layout_loops_ring, grunt_ministairs_9
D:7:      layout_loops_corners, lemuel_round_altar, marbit_many_paths,
          mainiacjoe_overflow_six_doors_small, overflow_temple_1_default
D:8:      layout_basic, nicolae_tso_besieged_by_evil, enter_bailey_3,
          minmay_fire_ice_demons, uniq_gastronok
D:9:      layout_basic, mainiacjoe_overflow_concentric_impassable,
          okawaru_humans, mainiacjoe_overflow_alcove_2,
          grunt_lair_entry_orc_guard_hut, serial_shops, nicolae_lakefront_shop,
          minmay_radiant
D:10:     layout_grid_maze, nicolae_qazlal_style_of_elements, hiddenorc1_lemuel,
          serial_shops, nicolae_shop_statue_plus, uniq_erica
D:11:     layout_loops_cross, special_room [special_room_orc],
          minmay_gold_behind_fungi, uniq_fannar
D:12:     layout_roguey, serial_shops, nicolae_shop_statue_plus,
          kennysheep_generic_room_7
Temple:   nicolae_temple_bog_church

Skill      XL: |  1  2  3  4  5  6  7  8  9 10 11 12 |
---------------+-------------------------------------+-----
Stealth        | 2 3 4 5 6 |  6.2
Armour         | 1 2 3 4 5 6 7 |  7.6
Short Blades   | 1 2 3 5 6 8 9 10 | 10.7
Dodging        | 3 4 5 6 7 8 |  8.1
Fighting       | 3 4 5 6 7 |  7.5
Ranged Weapons | 6 7 8 9 10 | 10.1
Invocations    | 2 4 6 7 8 |  8.5
Long Blades    | 1 |  1.8
Transmutations | 1 2 |  2.1
Earth Magic    | 1 2 |  2.2
Evocations     | 1 2 |  2.4

Action                   |  1- 3 |  4- 6 |  7- 9 | 10-12 || total
-------------------------+-------+-------+-------+-------++-------
Melee: Short sword       |     2 |       |     1 |       ||     3
       Dagger            |       |       |    82 |   142 ||   224
       Punch             |       |       |       |     2 ||     2
 Fire: Shortbow          |    87 |    90 |   192 |   370 ||   739
Throw: Dart              |       |       |       |    19 ||    19
 Cast: Passwall          |       |       |       |     1 ||     1
Invok: Stomp             |       |       |     8 |     5 ||    13
       Line Pass         |       |       |     4 |    10 ||    14
Evoke: Tin of tremorston |       |       |       |     2 ||     2
  Use: Scroll            |       |     8 |     6 |     1 ||    15
       Potion            |       |       |     9 |     2 ||    11
 Stab: Paralysed         |       |       |     7 |    10 ||    17
       Sleeping          |       |       |     1 |     7 ||     8
       Confused          |       |       |       |     7 ||     7
Armor: Leather armour    |    15 |    11 |    59 |    49 ||   134
       Acid dragon scale |       |       |       |    55 ||    55
Dodge: Dodged            |    36 |    48 |   184 |   333 ||   601
Block: Other             |       |       |       |    31 ||    31
       Reflection        |       |       |       |     2 ||     2

Table legend: (Time is in decaauts)
 A = Elapsed time spent in this place.
 B = Non-inter-level travel time spent in this place.
 C = Inter-level travel time spent in this place.
 D = Time resting spent in this place.
 E = Time spent auto-exploring this place.
 F = Levels seen in this place.
 G = Mean time per level.
                   A        B        C        D        E       F      G
               +--------+--------+--------+--------+--------+-----+--------+
         Total |  14923 |  14602 |    321 |   2470 |   9591 |  14 | 1065.9 |
       Dungeon |  13795 |  13499 |    296 |   2361 |   8987 |  12 | 1149.6 |
        Temple |    312 |    287 |     25 |      0 |    274 |   1 |  312.0 |
        Bailey |    815 |    815 |      0 |    109 |    330 |   1 |  815.0 |
               +--------+--------+--------+--------+--------+-----+--------+

Top non-repeatable levels by time:
     D:7: 1795 daAuts
    D:10: 1523 daAuts
    D:11: 1474 daAuts
     D:9: 1469 daAuts
     D:1: 1383 daAuts
     D:5: 1342 daAuts
     D:4: 1245 daAuts
     D:6: 1141 daAuts
     D:8: 1139 daAuts
  Bailey: 815 daAuts
     D:2: 668 daAuts
     D:3: 604 daAuts
  Temple: 312 daAuts
    D:12: 6 daAuts
